 Dungeon Crawl Stone Soup version 0.23.2-33-g5129a83184 (webtiles) character file.

Game seed: 18251370465373556801

86 MalarOregon the Digger (level 4, -3/36 HPs)
             Began as a Ghoul Earth Elementalist on July 15, 2019.
             Killed from afar by Sigmund (7 damage)
             ... with a puff of flame
             ... on level 2 of the Dungeon.
             The game lasted 00:03:51 (2346 turns).

MalarOregon the Digger (Ghoul Earth Elementalist)   Turns: 2346, Time: 00:03:51

Health: -3/36      AC:  4    Str: 11    XL:     4   Next: 49%
Magic:  6/6        EV: 12    Int: 11    God:
Gold:   55         SH:  0    Dex:  9    Spells: 1/7 levels left

rFire    . . .     SeeInvis .   p - +2 whip (venom)
rCold    + . .     Gourm    .   (no shield)
rNeg     + + +     Faith    .   n - +0 robe {MR+}
rPois    ∞         Spirit   .   o - +0 helmet
rElec    .         Reflect  .   k - +0 cloak
rCorr    .         Harm     .   (no gloves)
MR       +....                  (no boots)
Stlth    ++........             (no amulet)
HPRegen  0.00/turn              (no ring)
MPRegen  0.10/turn              (no ring)

@: rotting
A: rotting body, claws 1, carnivore, cold resistance 1, negative energy
resistance 3, inhibited regeneration, torment resistance, unbreathing
a: no special abilities


You were on level 2 of the Dungeon.
You were not hungry.

You visited 1 branch of the dungeon, and saw 2 of its levels.

You collected 55 gold pieces.

Inventory:

Hand Weapons
 p - a +2 whip of venom (weapon)
   (You took it off Robin on level 1 of the Dungeon)
Missiles
 b - 93 stones (quivered)
Armour
 k - a +0 cloak (worn)
   (You found it on level 1 of the Dungeon)
 n - a +0 robe of magic resistance (worn)
   (You took it off a hobgoblin on level 2 of the Dungeon)
 o - a +0 helmet (worn)
   (You took it off Robin on level 1 of the Dungeon)
 s - a +0 pair of boots
   (You found it on level 2 of the Dungeon)
Jewellery
 a - an uncursed ring of fire {unknown}
   (You found it on level 2 of the Dungeon)
 l - an uncursed ring of resist corrosion {unknown}
   (You found it on level 1 of the Dungeon)
 m - an uncursed amulet of harm {unknown}
   (You found it on level 1 of the Dungeon)
Scrolls
 g - a scroll of remove curse {unknown}
 i - 3 scrolls of enchant weapon {unknown}
 j - a scroll of identify {unknown}
Potions
 c - 2 potions of degeneration {unknown}
 f - 2 potions of curing {unknown}
 h - a potion of agility {unknown}
 q - a potion of flight {unknown}
 r - a potion of resistance {unknown}
Comestibles
 e - 4 rations {!d}


   Skills:
 + Level 2.1 Fighting
 + Level 2.2 Dodging
 - Level 2.1 Stealth
 - Level 2.0 Spellcasting
 + Level 0.7 Conjurations
 + Level 1.3 Transmutations
 + Level 4.1 Earth Magic


You had one spell level left.
You knew the following spells:

 Your Spells              Type           Power        Failure   Level  Hunger
a - Sandblast             Erth           ##....       5%          1    ##.....
q - Passwall              Tmut/Erth      #.......     14%         2    ###....
x - Stone Arrow           Conj/Erth      #.....       32%         3    ####...

Your spell library contained the following spells:

 Spells                   Type           Power        Failure   Level  Hunger
 Petrify                  Tmut/Erth      #.......     67%         4    #####..
 Lee's Rapid Deconstruct  Erth           ##........   83%         5    ######.


Dungeon Overview and Level Annotations

Branches:
Dungeon (2/15)

Altars:

Annotations:
D:2 Sigmund


Innate Abilities, Weirdness & Mutations

Your body is rotting away.
You thrive on raw meat.
You are immune to poison.
You have sharp fingernails.
You are carnivorous and can eat meat at any time.
Your flesh is cold resistant. (rC+)
You are immune to negative energy. (rN+++)
You do not regenerate when monsters are visible.
You are immune to unholy pain and torment.
You can survive without breathing.


Message History

You see here a +0 club.
Found a ration.
Found a pair of boots.
Some of the chunks of flesh in your inventory have rotted away.
e - 4 rations {!d} (gained 1)
s - a pair of boots Sigmund the Dreaded comes into view.
He is wielding a +1 vampiric scythe.
Some of the chunks of flesh in your inventory have rotted away.
Sigmund shouts!
Sigmund hits you from afar with a +1 vampiric scythe.
You closely miss Sigmund. Sigmund barely misses you.
You barely miss Sigmund.
Sigmund casts a spell.
Sigmund flickers and vanishes!
Deactivating autopickup; reactivate with Ctrl-A.
No target in view!
No target in view!
No target in view!
Something barely misses you.
All of the chunks of flesh in your inventory have rotted away.
A magic dart appears from out of thin air!
The magic dart hits you.
Something tries to affect you, but you resist.
You start resting.
Sigmund is too close now for your liking.
Sigmund casts a spell at you. The magic dart hits you.
Sigmund closely misses you.
You hit Sigmund.
Sigmund is poisoned.
You barely miss Sigmund. Sigmund hits you but does no damage.
You hit Sigmund.
Sigmund looks as sick as possible!
Sigmund points at you and mumbles some strange words.
The magic dart hits you!
You completely miss Sigmund. Sigmund barely misses you.
You hit Sigmund but do no damage.
Sigmund looks as sick as possible!
Sigmund gestures wildly while chanting.
Sigmund flickers and vanishes!
No target in view!
No target in view!
Unknown command.
You hear some strange, mumbled words.
A puff of flame appears from out of thin air!
The puff of flame hits you.
* * * LOW HITPOINT WARNING * * *
A puff of flame appears from out of thin air!
The puff of flame hits you!
* * * LOW HITPOINT WARNING * * *
A puff of flame appears from out of thin air!
The puff of flame hits you!
You die...

#..........#
#.##.#.###.#######
#.##.#.###.......#
#.##....##.#####.#
##.##.#..##.#####.#####
#.#.#.#.........@.....#
.###........#####.###.####
#.#.#######.#####........#
##.## #.....@..##.##.# #.#
##########.##.##.# #.#
#.......##.##..#.# #.#
#.......##.###.#.# ##.####
#.......#......#.# ......#
#.......#.###....# .#.##.#
#.......#. #..### .#.# #
#.......#.###)## #..#
#.......#.....#


There were no monsters in sight!

Vanquished Creatures
  Robin (D:1)
  2 adders (D:2)
  A worm (D:2)
  A dart slug (D:2)
  A leopard gecko (D:1)
  A giant cockroach (D:1)
  14 goblins
  7 hobgoblins
  2 jackals (D:2)
  A quokka (D:2)
  A ball python (D:1)
  6 bats
  3 frilled lizards
  5 kobolds
  4 rats (D:1)
50 creatures vanquished.

Notes
Turn   | Place    | Note
-------+----------+-------------------------------------------
     0 | D:1      | MalarOregon the Ghoul Earth Elementalist began the quest
                  | for the Orb.
     0 | D:1      | Reached XP level 1. HP: 14/14 MP: 2/2
   316 | D:1      | Reached XP level 2. HP: 11/22 MP: 3/3
   682 | D:1      | Reached skill level 1 in Fighting
  1281 | D:1      | Reached XP level 3. HP: 26/28 MP: 5/5
  1319 | D:2      | Learned a level 2 spell: Passwall
  1323 | D:2      | Learned a level 3 spell: Stone Arrow
  1345 | D:2      | Reached skill level 1 in Transmutations
  1475 | D:2      | Noticed Robin
  1837 | D:1      | Killed Robin
  1933 | D:2      | Reached skill level 4 in Earth Magic
  1937 | D:2      | Reached XP level 4. HP: 36/36 MP: 6/6
  2293 | D:2      | Noticed Sigmund
  2346 | D:2      | Killed from afar by Sigmund

Skill      XL: |  1  2  3  4 |
---------------+-------------+-----
Dodging        | 2 |  2.2
Spellcasting   | 2 |  2.0
Fighting       | 1 2 |  2.1
Transmutations | 1 |  1.3
Earth Magic    | 4 |  4.1
Stealth        | |  2.1
Conjurations   | |  0.7

Action                   |  1- 3 |  4- 6 || total
-------------------------+-------+-------++-------
Melee: Dagger            |   149 |       ||   149
       Unarmed           |     4 |       ||     4
       Rapier            |    24 |       ||    24
       Whip              |     4 |    59 ||    63
 Cast: Sandblast         |     5 |       ||     5
 Stab: Sleeping          |     2 |     2 ||     4
  Eat: Chunk             |     8 |     4 ||    12
       Ration            |     1 |       ||     1
Armor: Robe              |    57 |    16 ||    73
Dodge: Dodged            |   138 |    59 ||   197
